 Dungeon Sprint DCSS version 0.17.2-1-ge4368a0 (webtiles) character file.

5389 hexophile the Severer (level 10, -10/88 (89) HPs)
             Began as a Ghoul Fighter on Oct 15, 2016.
             Was a High Priest of Makhleb.
             Mangled by a vault guard
             ... wielding a +0 war axe
              (14 damage)
             ... while paralysed by a sphinx
             ... in the Dungeon (Sprint V: "Ziggurat Sprint").
             The game lasted 00:01:50 (262 turns).

hexophile the Severer (Ghoul Fighter)                Turns: 262, Time: 00:01:50

HP:   -10/88 (89)   AC: 18    Str: 36    XL:     10   Next: 66%
MP:   12/13         EV:  2    Int:  3    God:    Makhleb [*****.]
Gold: 0             SH:  0    Dex:  8    Spells: 0 memorised, 9 levels left

rFire  + . .     SeeInvis .     x - +5 broad axe
rCold  + + .     Clarity  .     y - +5 gold dragon armour {rC+ rF+ rPois}
rNeg   + + +     SustAt   .     I - +18 shield of the gong {rElec rN+ MR+ EV-5}
rPois  ∞         Gourm    .     (no helmet)
rElec  +         Spirit   .     (no cloak)
rCorr  .         Warding  .     (no gloves)
rMut   .         NoTele   +     (no boots)
MR     +....                    (no amulet)
Stlth  ..........               F - +6 ring of strength
                                E - +6 ring of strength

@: paralysed, marked, rotting, somewhat resistant to hostile enchantments,
extremely unstealthy
A: rotting body, claws 1, carnivore 3, cold resistance 1, negative energy
resistance 3, slow regeneration 1, torment resistance, unbreathing
a: Minor Destruction, Lesser Servant of Makhleb, Major Destruction, Greater
Servant of Makhleb, Renounce Religion


You were in the Dungeon.
You worshipped Makhleb.
Makhleb was extremely pleased with you.
You were not hungry.

You visited 1 branch


Innate Abilities, Weirdness & Mutations

Your body is rotting away.
You thrive on raw meat.
You are immune to poison.
You have sharp fingernails.
You are carnivorous and can eat meat at any time.
Your flesh is cold resistant.
You are immune to negative energy.
You regenerate slowly when monsters are visible.
You are immune to unholy pain and torment.
You can survive without breathing.

Inventory:

Hand Weapons
 x - a +5 broad axe (weapon)
Armour
 y - a +5 gold dragon armour (worn) {rC+ rF+ rPois}
 I - the +18 shield of the gong (worn) {rElec rN+ MR+ EV-5}
   (You found it in the Dungeon)

   It affects your evasion (-5).
   It insulates you from electricity.
   It protects you from negative energy.
   It affects your resistance to hostile enchantments.
Jewellery
 E - a +6 ring of strength (left claw)
 F - a +6 ring of strength (right claw)
Wands
 c - a wand of disintegration (7)
 z - a wand of fire (5)
 A - a wand of cold (5)
 B - a wand of draining (5)
Scrolls
 k - 4 scrolls of blinking
 q - 3 scrolls of recharging
 s - 5 scrolls of identify
 t - 5 scrolls of remove curse
 u - 2 scrolls of fear
 w - 7 scrolls of fog
Potions
 d - 6 potions of might {Str+5 DMG+1d10}
 f - 10 potions of curing
 g - 10 potions of heal wounds
 h - 6 potions of haste
 i - 7 potions of magic
 j - 3 potions of berserk rage
 l - 2 potions of brilliance {Archmagi Int+5 Wiz++}
 m - 2 potions of invisibility
 n - 3 potions of resistance {rF+ rC+ rPois rElec rCorr}
 p - 5 potions of agility {Stlth+ Dex+5 EV+5}
Miscellaneous
 b - a lamp of fire
 v - a disc of storms
Comestibles
 e - 5 meat rations
 r - 4 bread rations
 D - 42 fruits


You had 9 spell levels left.
You didn't know any spells.


   Skills:
 * Level 8.3 Fighting
 * Level 19.4 Axes
 - Level 2.6 Armour
 - Level 2.6 Shields
 * Level 6.1 Evocations

Dungeon Overview and Level Annotations

Branches:
Dungeon (1/1)

Altars:
Ashenzari
Cheibriados
Dithmenos
Elyvilon
Fedhas
Gozag
Kikubaaqudgha
Makhleb
Nemelex Xobeh
Okawaru
Qazlal
Ru
Sif Muna
Trog
Vehumet
Xom
Yredelemnul
Zin
The Shining One
Beogh
Jiyva
Lugonu

Vault maps used:
D:        sprint_v
You       could see a fire dragon, a sphinx, 2 vault guards and a vault
          sentinel.


Message History

The vault guard is lightly wounded.
You slash the vampire mosquito!
The vampire mosquito is almost destroyed.
You block the vampire mosquito's attack.
PTOANNNG!
You block the sphinx's attack.
BONNNG!
You block the sphinx's attack.
BONNNG!
The sphinx hits you but does no damage.
The vault guard hits you but does no damage.
The vault sentinel shoots a bolt.
The bolt hits you but does no damage. The fire dragon bites you.
The fire dragon claws you but does no damage.
The fire dragon tramples you but does no damage.
The vault guard hits you but does no damage.
You slice the vampire mosquito!!
You destroy the vampire mosquito!
Makhleb accepts your kill.
You feel better.
You slice the fire dragon!!
The fire dragon is severely wounded.
You slash the vault guard!
The vault guard is heavily wounded.
You slice the sphinx!!
The sphinx is heavily wounded.
Your shield and gold dragon armour prevent you from hitting the vault guard.
The vault guard is lightly wounded.
The sphinx casts a spell.
You suddenly lose the ability to move!
The vault guard hits you with a war axe!
The fire dragon bites you.
* * * LOW HITPOINT WARNING * * *
The fire dragon claws you but does no damage.
The fire dragon tramples you.
* * * LOW HITPOINT WARNING * * *
You hold your ground!
The vault sentinel points at you and mumbles some strange words.
The mark upon you grows brighter.
The sphinx casts a spell.
Something smites you!
* * * LOW HITPOINT WARNING * * *
The vault guard hits you with a great mace!
* * * LOW HITPOINT WARNING * * *
The fire dragon bites you but does no damage.
The fire dragon claws you but does no damage.
The fire dragon tramples you!
* * * LOW HITPOINT WARNING * * *
You hold your ground!
The vault guard hits you with a war axe!
You die...

Action                   |  1- 3 |  4- 6 |  7- 9 | 10-12 || total
-------------------------+-------+-------+-------+-------++-------
Melee: Broad axe         |     9 |    17 |    42 |    15 ||    83
  Use: Potion            |     2 |       |       |       ||     2

Notes
Turn   | Place    | Note
--------------------------------------------------------------
     0 | D        | hexophile the Ghoul Fighter began the quest for the Orb.
     0 | D        | Reached XP level 1. HP: 19/19 MP: 0/0
     0 | D        | Found an iron altar of Okawaru.
     0 | D        | Found a burning altar of Makhleb.
     0 | D        | Found a radiant altar of Vehumet.
     0 | D        | Found a deep blue altar of Sif Muna.
     0 | D        | Found a shimmering altar of Xom.
     1 | D        | Found a roughly hewn altar of Beogh.
     1 | D        | Found a corrupted altar of Lugonu.
     1 | D        | Found a viscous altar of Jiyva.
     1 | D        | Found a white marble altar of Elyvilon.
     1 | D        | Found a sparkling altar of Nemelex Xobeh.
     1 | D        | Found a bloodstained altar of Trog.
    13 | D        | Banished a spatial maelstrom
    48 | D        | Became a worshipper of Makhleb the Destroyer
    89 | D        | Reached skill level 7 in Axes
    89 | D        | Reached XP level 2. HP: 25/25 MP: 1/1
   102 | D        | Entered arena 1.
   102 | D        | Noticed a scorpion
   102 | D        | Noticed a scorpion
   105 | D        | Killed a scorpion
   105 | D        | Reached skill level 8 in Axes
   105 | D        | Reached XP level 3. HP: 30/30 MP: 2/2
   113 | D        | Killed a scorpion
   113 | D        | Reached * piety under Makhleb
   113 | D        | Reached skill level 9 in Axes
   113 | D        | Reached XP level 4. HP: 37/37 MP: 3/3
   118 | D        | Entered arena 2.
   118 | D        | Noticed a scorpion
   118 | D        | Noticed a scorpion
   118 | D        | Noticed a scorpion
   125 | D        | Killed a scorpion
   125 | D        | Reached skill level 10 in Axes
   125 | D        | Reached XP level 5. HP: 38/44 MP: 4/4
   126 | D        | Killed a scorpion
   126 | D        | Reached skill level 11 in Axes
   127 | D        | Killed a scorpion
   127 | D        | Reached ** piety under Makhleb
   127 | D        | Reached XP level 6. HP: 43/50 MP: 5/5
   133 | D        | Entered arena 3.
   133 | D        | Noticed a large abomination
   133 | D        | Noticed a crimson imp
   135 | D        | Killed a crimson imp
   135 | D        | Reached skill level 12 in Axes
   139 | D        | Reached *** piety under Makhleb
   144 | D        | Killed a large abomination
   144 | D        | Reached skill level 14 in Axes
   144 | D        | Reached XP level 7. HP: 56/56 MP: 6/6
   148 | D        | Identified the Almanac of Torrid Confrontation
   151 | D        | Entered arena 4.
   151 | D        | Noticed a wolf
   151 | D        | Noticed an iguana
   153 | D        | Reached **** piety under Makhleb
   156 | D        | Killed a wolf
   156 | D        | Reached skill level 15 in Axes
   156 | D        | Reached XP level 8. HP: 62/62 MP: 7/7
   159 | D        | Killed an iguana
   159 | D        | Reached ***** piety under Makhleb
   170 | D        | Entered arena 5.
   170 | D        | Noticed a toenail golem
   170 | D        | Noticed a toenail golem
   170 | D        | Noticed a toenail golem
   170 | D        | Noticed a toenail golem
   170 | D        | Noticed a toenail golem
   177 | D        | Killed a toenail golem
   177 | D        | Reached skill level 16 in Axes
   180 | D        | Killed a toenail golem
   181 | D        | Killed a toenail golem
   181 | D        | Reached skill level 17 in Axes
   181 | D        | Reached XP level 9. HP: 69/69 MP: 8/8
   185 | D        | Killed a toenail golem
   185 | D        | Reached skill level 18 in Axes
   187 | D        | Killed a toenail golem
   191 | D        | Got the ring of Salvation {+Fly rPois}
   193 | D        | Entered arena 6.
   193 | D        | Noticed a quasit
   193 | D        | Noticed a quasit
   193 | D        | Noticed a quasit
   193 | D        | Noticed a hell hound
   193 | D        | Noticed a crimson imp
   193 | D        | Noticed a crimson imp
   198 | D        | Killed a quasit
   199 | D        | Killed a hell hound
   199 | D        | Killed a quasit
   204 | D        | Killed a quasit
   208 | D        | Killed a crimson imp
   211 | D        | Killed a crimson imp
   211 | D        | Reached ****** piety under Makhleb
   218 | D        | Entered arena 7.
   218 | D        | Noticed a deep elf mage
   218 | D        | Noticed a deep elf conjurer
   218 | D        | Noticed a deep elf knight
   218 | D        | Noticed a deep elf conjurer
   218 | D        | Noticed a deep elf knight
   218 | D        | Noticed a deep elf fighter
   228 | D        | Killed a deep elf knight
   228 | D        | Reached skill level 5 in Fighting
   228 | D        | Reached skill level 2 in Evocations
   228 | D        | Reached XP level 10. HP: 75/80 MP: 8/11
   232 | D        | Killed a deep elf fighter
   232 | D        | Reached skill level 3 in Evocations
   233 | D        | Killed a deep elf conjurer
   233 | D        | Reached skill level 6 in Fighting
   233 | D        | Reached skill level 19 in Axes
   233 | D        | Reached skill level 4 in Evocations
   234 | D        | Killed a deep elf conjurer
   234 | D        | Reached skill level 7 in Fighting
   237 | D        | Killed a deep elf knight
   237 | D        | Reached skill level 5 in Evocations
   239 | D        | Killed a deep elf mage
   252 | D        | Entered arena 8.
   252 | D        | Noticed a vault guard
   252 | D        | Noticed a redback
   252 | D        | Noticed a vampire mosquito
   252 | D        | Noticed a vault sentinel
   252 | D        | Noticed a sphinx
   252 | D        | Noticed a vault guard
   252 | D        | Noticed a fire dragon
   258 | D        | Killed a redback
   258 | D        | Reached skill level 8 in Fighting
   258 | D        | Reached skill level 6 in Evocations
   260 | D        | Killed a vampire mosquito
   260 | D        | Paralysed by a sphinx for 2 turns
   261 | D        | HP: 3/88 [fire dragon (7)]
   262 | D        | Mangled by a vault guard

Table legend:
 A = Turns spent in this place as a percentage of turns spent in the entire game.
 B = Non-inter-level travel turns spent in this place as a percentage of non-inter-level travel turns spent in the entire game.
 C = Inter-level travel turns spent in this place as a percentage of turns spent in this place.
 D = Turns resting spent in this place as a percentage of non-inter-level travel turns spent in this place.
 E = Turns spent auto-exploring this place as a percentage of non-inter-level travel turns spent in this place.
 F = Non-inter-level travel turns spent in this place divided by the number of levels of this place that you've seen.
                   A       B       C       D       E      F
               +-------+-------+-------+-------+-------+----------------------
         Total | 100.0 | 100.0 |   0.0 |   0.0 |   0.0 | 324.0
       Dungeon | 100.0 | 100.0 |   0.0 |   0.0 |   0.0 | 324.0
               +-------+-------+-------+-------+-------+----------------------

Table legend:
 A = Kills in this place as a percentage of kills in entire the game.
 B = Kills by you in this place as a percentage of kills by you in the entire game.
 C = Kills by friends in this place as a percentage of kills by friends in the entire game.
 D = Other kills in this place as a percentage of other kills in the entire game.
 E = Experience gained in this place as a percentage of experience gained in the entire game.
 F = Experience gained in this place divided by the number of levels of this place that you have seen.
                   A       B       C       D       E      F
               +-------+-------+-------+-------+-------+----------------------
         Total | 100.0 | 100.0 |  -nan |  -nan | 100.0 | 7689.0
       Dungeon | 100.0 | 100.0 |  -nan |  -nan | 100.0 | 7689.0
               +-------+-------+-------+-------+-------+----------------------

Vanquished Creatures
  2 deep elf knights (D)
  A large abomination (D)
  2 deep elf conjurers (D)
  5 toenail golems (D)
  A deep elf mage (D)
  A redback (D)
  A vampire mosquito (D)
  A deep elf fighter (D)
  A wolf (D)
  A hell hound (D)
  5 scorpions (D)
  3 crimson imps (D)
  3 quasits (D)
  An iguana (D)
  A river rat (D)
  A white imp (D)
  An ufetubus (D)
  A jackal (D)
32 creatures vanquished.

Vanquished Creatures (others)
  A spatial maelstrom (D)
1 creature vanquished.

Grand Total: 33 creatures vanquished
